Winsalot, chaotic male human Priest --------- |.......| |.......| |<......+ |.......| |.......+ |.......| ----- --------- |.{.| |{@{| |.{@| | + --@-- ..| |.....`.....| +`.........`+ ------------- Winsalot the Acolyte Experience level: 4 Strength: 15 Dexterity: 13 Constitution: 12 Intelligence: 10 Wisdom: 18 Charisma: 14 Health: 0(30) Energy: 67(67) Def: 5 Gold: 0 Moves: 2182 Dungeon seed: beomuouqUC-hMkno Game ID: Winsalot_1520884181 Your Inventory: Weapons a - a blessed corroded +1 mace (weapon in hand) Armor e - an uncursed +0 robe (being worn) n - an uncursed +1 small shield (being worn) q - an uncursed +0 orcish helm (being worn) Comestibles c - an uncursed clove of garlic d - an uncursed sprig of wolfsbane t - an uncursed food ration u - an uncursed fortune cookie Scrolls j - an uncursed scroll of remove curse s - a blessed scroll of destroy armor Potions b - 3 potions of holy water p - a potion of unholy water Tools h - an uncursed oil lamp (0:1442) Spells and supernatural/magical abilities: Name Level Category Fail Memory n - detect monsters 1 divination 0% 97% z - sleep 1 enchantment 0% 99% I - identify 2 divination 46% 97% W - pray for help -- divine ? -- X - turn undead -- divine ? -- Your skills at the end: Fighting Skills wands [Basic] Weapon Skills mace [Basic] Spellcasting Skills clerical spells [Basic] Final Attributes: You last prayed 632 turns ago. You are dead. Vanquished creatures: a gnome mummy a pony 3 rothes a giant bat an iguana 2 acid blobs 2 coyotes 2 hobbits a large kobold a cave spider a yellow mold a gecko 4 jackals 2 foxes a kobold 3 goblins a grid bug 3 bats 3 newts 34 creatures vanquished. Voluntary challenges: You used a wielded weapon 45 times, starting on turn 18. You read items or engraved 12 times, starting on turn 124. You never genocided any monsters. You never polymorphed an object. You never changed form. You used no wishes. You never split a pudding. You wrote Elbereth's name 2 times, starting on turn 2106. You never violated your personal moral code. Dungeon overview: The Dungeons of Doom: levels 1 to 8 Level 1 some fountains a long staircase Level 2 a fountain Level 3 a fountain, a vault Level 4 a long staircase Level 5 some fountains, a vault Level 6 Level 7 some fountains, a sink, a vault Level 8 <- You were here many fountains History has recorded: On T:1 you entered the Dungeons of Doom to retrieve the Amulet of Yendor! On T:246 you reached level 2 of The Dungeons of Doom. On T:464 you reached level 3 of The Dungeons of Doom. On T:786 you advanced to experience level 2. On T:839 you reached level 4 of The Dungeons of Doom. On T:1111 you reached level 5 of The Dungeons of Doom. On T:1152 you advanced to experience level 3. On T:1650 you advanced to experience level 4. On T:1654 you reached level 6 of The Dungeons of Doom. On T:1844 you reached level 7 of The Dungeons of Doom. On T:2110 you reached level 8 of The Dungeons of Doom. Score breakdown: Gold: 0 ( 0 points) Experience: 4 levels ( 9649 points) Exploration: 8 levels ( 16.33%) (11456 points) Discoveries: 9 items ( 3.00%) ( 5196 points) Valuables value: (no points given unless you survive) Artifact value: 0 ( 0 points) Variety of kills: 19 monsters ( 5.00%) ( 6708 points) Turncount: 2182 turns ( -129 points) Survival: died (score multiplied by 80%) Total score: 26304 Latest messages: "Hello, Winsalot, welcome to Delphi!" You hear the splashing of a naiad. You hear a door open. You hear a jackal howling at the moon. You miss the werejackal. The werejackal bites! You hit the werejackal! The werejackal bites! You hit the werejackal! The werejackal changes into a human. The werejackal misses. You hear a door open. You hit the werejackal. The werejackal hits! You hit the werejackal. The werejackal hits! You miss the werejackal. The werejackal hits! (2x) You write in the dust with your fingers. The werejackal hits! You die... For some reason, you think that you can almost hear the Wizard laugh manically... Final status: Goodbye Winsalot the Priest, killed by a werejackal... You died in The Dungeons of Doom on dungeon level 8 with 26304 points, and 0 pieces of gold, after 2182 moves. You were level 4 with a maximum of 30 hit points when you died.